[Event "Titled Tuesday Blitz April 25 Early 2023"]
[White "Postny, Evgeny"]
[Black "Estrada Nieto, Julian"]
[WhiteFideId "2804344"]
[BlackFideId "5101018"]
[WhiteElo "2504"]
[BlackElo "2161"]
[Result "1-0"]
[Round "09"]
[TimeControl "180+2"]
[Date "2023.04.25"]
[WhiteClock "0:00:58"]
[BlackClock "0:00:02"]

1. e4 e5 2. Nf3 Nc6 3. Bb5 a6 4. Ba4 Nf6 5. O-O Be7 6. Re1 b5 7. Bb3 d6 8. c3 O-O 9. h3 Bb7 10. d4 Re8 11. Nbd2 Bf8 12. Bc2 h6 13. a3 d5 14. dxe5 Nxe5 15. Nxe5 Rxe5 16. Nf3 Re8 17. e5 Ne4 18. Bf4 c5 19. Qd3 Qb6 20. Rad1 Rad8 21. Qe3 Qe6 22. Nd2 Nxd2 23. Rxd2 Rd7 24. Qd3 g6 25. Qe3 h5 26. Bg5 Be7 27. Bxe7 Qxe7 28. Qg3 Qe6 29. f4 Kf8 30. f5 gxf5 31. Rf2 d4 32. Bxf5 Qd5 33. Bxd7 Qxd7 34. Qg5 d3 35. Qh6+ Ke7 36. Qf6+ Kf8 37. e6 d2 38. Qh8+ Ke7 39. Rxf7+ Kd6 40. Rxd7+ 1-0


[Site "https://www.chess.com"]

[Event "Titled Tuesday Blitz April 25 Early 2023"]
[White "Manukian, Artak"]
[Black "Spata, German"]
[WhiteFideId "13301373"]
[BlackFideId "113026"]
[WhiteElo "2130"]
[BlackElo "2238"]
[Result "1-0"]
[Round "09"]
[TimeControl "180+2"]
[Date "2023.04.25"]
[WhiteClock "0:00:16"]
[BlackClock "0:00:03"]

1. e4 c5 2. Nf3 e6 3. c3 d5 4. e5 Nc6 5. d4 Qb6 6. a3 c4 7. Nbd2 Na5 8. g3 Bd7 9. Bh3 h6 10. O-O Ne7 11. Rb1 Qc7 12. Re1 Nc8 13. Nf1 Nb6 14. Ne3 Ba4 15. Qe2 Be7 16. Bf1 O-O-O 17. h4 Kb8 18. h5 Rdg8 19. Bh3 Qd8 20. Kh2 g6 21. hxg6 Rxg6 22. Ng2 h5 23. Nfh4 Rg7 24. Bf4 Ka8 25. Rh1 Nb3 26. Rbe1 Bd7 27. Rhg1 Na5 28. Rh1 Qg8 29. Nf3 Ba4 30. Rc1 Qh7 31. Kg1 Nb3 32. Re1 Qd3 33. Kf1 Na5 34. Ne3 Bb3 35. Bg2 Ba2 36. b4 Nb3 37. Qxd3 cxd3 38. Rd1 Nc4 39. Nxc4 dxc4 40. Nh4 a5 41. d5 axb4 42. axb4 Kb8 43. d6 Bg5 44. Nf3 Bxf4 45. gxf4 Rg4 46. Rh4 Rhg8 47. Rxg4 Rxg4 48. f5 exf5 49. Bh3 Rf4 50. Kg2 h4 51. Nd2 Nxd2 52. Rxd2 Bb3 53. f3 1-0


[Site "https://www.chess.com"]

[Event "Titled Tuesday Blitz April 25 Early 2023"]
[White "Jovic, Stanoje"]
[Black "Kvaloy, Aksel Bu"]
[WhiteFideId "905020"]
[BlackFideId "1528815"]
[WhiteElo "2236"]
[BlackElo "2208"]
[Result "0-1"]
[Round "09"]
[TimeControl "180+2"]
[Date "2023.04.25"]
[WhiteClock "0:00:18"]
[BlackClock "0:01:38"]

1. c4 e5 2. g3 Nc6 3. Bg2 Bc5 4. Nc3 d6 5. Nf3 a6 6. O-O h5 7. e3 Ba7 8. d4 Qe7 9. Nd5 Qd8 10. b4 h4 11. b5 axb5 12. cxb5 Nce7 13. dxe5 h3 14. Bh1 dxe5 15. Nxe5 Be6 16. e4 Nf6 17. Bb2 Nfxd5 18. exd5 Bxd5 19. Re1 Bxh1 20. Kxh1 O-O 21. Nd7 Re8 22. Qg4 Ng6 23. Qxh3 Bxf2 24. Rf1 Re2 25. Bc3 Ra3 26. Bb4 Rd3 27. Nc5 Bxc5 0-1


[Site "https://www.chess.com"]

[Event "Titled Tuesday Blitz April 25 Early 2023"]
[White "Ibadov, Dashgyn"]
[Black "Jaskolka, Tomasz"]
[WhiteFideId "24107514"]
[BlackFideId "1170791"]
[WhiteElo "2208"]
[BlackElo "2155"]
[Result "0-1"]
[Round "09"]
[TimeControl "180+2"]
[Date "2023.04.25"]
[WhiteClock "0:00:04"]
[BlackClock "0:00:58"]

1. e4 c5 2. Nf3 e6 3. g3 Nc6 4. Bg2 a6 5. O-O Qc7 6. Nc3 Nf6 7. d4 cxd4 8. Nxd4 Nxd4 9. Qxd4 Bc5 10. Qd3 d6 11. Bf4 h6 12. Rad1 e5 13. Be3 Be6 14. Nd5 Bxd5 15. exd5 O-O 16. Bxc5 Qxc5 17. c4 b5 18. cxb5 Qxb5 19. Qxb5 axb5 20. a3 b4 21. axb4 Rfb8 22. Ra1 Rxa1 23. Rxa1 Rxb4 24. Ra8+ Kh7 25. Rd8 Rxb2 26. Rxd6 Rb1+ 27. Bf1 Ne4 28. Rd7 Nd2 29. Rxf7 Rxf1+ 30. Kg2 Rd1 31. Re7 Nc4 32. Rc7 Nb6 33. Rc6 Nxd5 34. Re6 Re1 35. f3 Re2+ 36. Kf1 Rxh2 37. Rxe5 Nf6 38. g4 Kg6 39. Kg1 Rd2 40. Rc5 Nd5 41. Kf1 Nf4 42. Rf5 Nd3 43. Kg1 Ra2 44. Rd5 Nf4 45. Rf5 Ne6 46. Re5 Nd4 47. Re3 Kg5 48. Rd3 Ne6 49. Re3 Nf4 50. Kf1 Kh4 51. Re7 g5 52. Ke1 Kg3 53. Rh7 Kxf3 54. Rxh6 Kxg4 55. Rh8 Kf3 56. Kd1 g4 57. Kc1 g3 0-1


[Site "https://www.chess.com"]

[Event "Titled Tuesday Blitz April 25 Early 2023"]
[White "Kubatko, Ivan"]
[Black "Golichenko, Ilija"]
[WhiteFideId "24111473"]
[BlackFideId "14117223"]
[WhiteElo "2285"]
[BlackElo "2339"]
[Result "1-0"]
[Round "09"]
[TimeControl "180+2"]
[Date "2023.04.25"]
[WhiteClock "0:00:04"]
[BlackClock "0:00:35"]

1. e4 Nf6 2. e5 Nd5 3. c4 Nb6 4. d4 d6 5. exd6 exd6 6. Nf3 Bg4 7. Nc3 Be7 8. Be3 Nc6 9. b3 O-O 10. Be2 Bf6 11. O-O Re8 12. Rc1 d5 13. c5 Nc8 14. h3 Bh5 15. b4 Nxb4 16. Rb1 Na6 17. Rxb7 Nxc5 18. dxc5 Bxc3 19. g4 Bg6 20. Bb5 Re6 21. Ng5 Rxe3 22. fxe3 Qxg5 23. Qf3 Be5 24. Be8 Qe7 25. Bc6 Qxc5 26. Bxd5 Nd6 27. Rxc7 Qxc7 28. Bxa8 h6 29. Bd5 Qc2 30. Rf2 Qd3 31. h4 Kh7 32. h5 Be4 33. Bxe4+ Qxe4 34. Qxe4+ Nxe4 35. Rxf7 Nf6 36. Rxa7 Nxg4 37. a4 Nxe3 38. a5 Nf5 39. Kg2 Ng3 40. Re7 Bd6 41. Rd7 Nf5 42. a6 Bc5 43. Rc7 Bd4 44. Kh3 Nd6 45. Rd7 Nb5 46. Rxd4 Nxd4 47. a7 Ne6 48. a8=Q Nf4+ 49. Kh4 Ne6 50. Qe4+ Kh8 51. Qxe6 g5+ 52. Kg4 1-0


[Site "https://www.chess.com"]

[Event "Titled Tuesday Blitz April 25 Early 2023"]
[White "Yelisieiev, Yevhenii"]
[Black "Balla, Tamas-Kristof"]
[WhiteFideId "14139642"]
[BlackFideId "1208497"]
[WhiteElo "2425"]
[BlackElo "2334"]
[Result "0-1"]
[Round "09"]
[TimeControl "180+2"]
[Date "2023.04.25"]
[WhiteClock "0:00:01"]
[BlackClock "0:01:20"]

1. Nf3 c5 2. b3 d5 3. Bb2 Nc6 4. e3 a6 5. d4 Nf6 6. Bd3 Bg4 7. a3 e6 8. h3 Bh5 9. O-O Bd6 10. Nbd2 O-O 11. g4 Bg6 12. Ne5 Rc8 13. Rc1 cxd4 14. exd4 Bb8 15. f4 Bxd3 16. cxd3 Ba7 17. Ndf3 Nd7 18. Kh1 f6 19. Nxc6 Rxc6 20. Rxc6 bxc6 21. Re1 Re8 22. Bc1 Nf8 23. Qc2 Qd6 24. Be3 Ng6 25. Qc1 Bb8 26. Re2 e5 27. dxe5 fxe5 28. f5 e4 29. dxe4 dxe4 30. fxg6 exf3 31. gxh7+ Kh8 32. Rf2 Qg3 33. Bd2 Qxh3+ 34. Kg1 Qxg4+ 35. Kf1 Qh3+ 36. Kg1 Bg3 37. Qf1 Bxf2+ 38. Kxf2 Qh2+ 0-1


[Site "https://www.chess.com"]

[Event "Titled Tuesday Blitz April 25 Early 2023"]
[White "KorolDimitriy75"]
[Black "Bartel, Michal"]
[BlackFideId "1119257"]
[WhiteElo "2438"]
[BlackElo "2282"]
[Result "0-1"]
[Round "09"]
[TimeControl "180+2"]
[Date "2023.04.25"]
[WhiteClock "0:00:04"]
[BlackClock "0:01:42"]

1. d4 Nf6 2. c4 c5 3. d5 e6 4. Nc3 exd5 5. cxd5 d6 6. Nf3 g6 7. Nd2 Nbd7 8. Nc4 Nb6 9. e4 Bg7 10. h3 O-O 11. Nxb6 Qxb6 12. Bd3 Re8 13. O-O a6 14. Re1 Bd7 15. Qc2 Qc7 16. a4 c4 17. Bf1 b5 18. axb5 axb5 19. Rxa8 Rxa8 20. Bf4 Re8 21. Bg5 b4 22. Bxf6 Bxf6 23. Nd1 Bb5 24. b3 Rc8 25. Ne3 Bc3 26. Rb1 cxb3 27. Qxb3 Bxf1 28. Rxf1 Ra8 29. Rb1 Ra3 30. Qc4 Qe7 31. Qc6 Qxe4 32. Rf1 Qe7 33. Nc4 Ra2 34. Nxd6 Re2 35. Nc8 Qe4 0-1


[Site "https://www.chess.com"]

[Event "Titled Tuesday Blitz April 25 Early 2023"]
[White "Martic, Ivan"]
[Black "Avazkhonov, Alikhon"]
[WhiteFideId "929301"]
[BlackFideId "14208504"]
[WhiteElo "2360"]
[BlackElo "1739"]
[Result "1-0"]
[Round "09"]
[TimeControl "180+2"]
[Date "2023.04.25"]
[WhiteClock "0:01:03"]
[BlackClock "0:00:04"]

1. d4 Nf6 2. Bg5 Ne4 3. Bf4 c5 4. f3 Qa5+ 5. c3 Nf6 6. d5 e6 7. e4 exd5 8. exd5 d6 9. Na3 Be7 10. Nc4 Qc7 11. a4 O-O 12. Ne2 Re8 13. g4 Bf8 14. Kf2 b6 15. Ng3 Nbd7 16. g5 Bb7 17. gxf6 Nxf6 18. Ne3 Rxe3 19. Bxe3 Nxd5 20. Bc4 Nxe3 21. Kxe3 d5 22. Bxd5 Rd8 23. c4 Qe5+ 24. Kf2 Bxd5 25. cxd5 Rxd5 26. Qe2 Qd4+ 27. Kg2 Qf4 28. Rad1 Re5 29. Qd2 Qf6 30. Rhe1 h5 31. Rxe5 Qxe5 32. Re1 Qf6 33. Nxh5 1-0


[Site "https://www.chess.com"]

[Event "Titled Tuesday Blitz April 25 Early 2023"]
[White "Lund, Gunnar"]
[Black "Vivas Zamora, Fabian Ernesto"]
[WhiteFideId "1520814"]
[BlackFideId "3902480"]
[WhiteElo "2233"]
[BlackElo "2262"]
[Result "0-1"]
[Round "09"]
[TimeControl "180+2"]
[Date "2023.04.25"]
[WhiteClock "0:00:11"]
[BlackClock "0:00:09"]

1. f3 e5 2. Kf2 d5 3. e3 f5 4. d4 e4 5. f4 Nf6 6. Be2 h5 7. h4 Nc6 8. g3 Ng4+ 9. Bxg4 fxg4 10. b3 Ne7 11. Ba3 Nf5 12. Bxf8 Rxf8 13. Ne2 Be6 14. Qd2 Qd6 15. Rc1 c6 16. c4 Kf7 17. cxd5 cxd5 18. Nbc3 Rfc8 19. Rc2 Rc6 20. Rac1 Rac8 21. Na4 b6 22. Rc3 Bd7 23. Rxc6 Rxc6 24. Rxc6 Bxc6 25. Nac3 Qb4 26. Nb1 Qxd2 27. Nxd2 Ke6 28. Nc3 Kd6 29. b4 a5 30. bxa5 bxa5 31. Nb3 a4 32. Nc5 a3 33. Nb1 Bb5 34. Nxa3 Bc4 35. Nxe4+ dxe4 36. Nxc4+ Kd5 37. Nb6+ Kc6 38. Nc4 Kd5 39. Nd2 Nd6 40. a4 Nb7 41. Nb3 Kc4 42. Nc5 Nd6 43. a5 Kb5 44. a6 Kb6 45. Ke2 g6 46. Ne6 Nf5 47. Kf2 Kxa6 48. Nc5+ Kb5 49. Nxe4 Kc4 50. Nc5 Kc3 51. d5 Kc4 52. Ne4 Kxd5 53. Nd2 Ke6 54. Nf1 Nd6 55. Ke2 Ne4 56. Kd3 Kd5 57. Kc2 Kc4 58. Nd2+ Kd5 59. Nxe4 Kxe4 60. Kd2 Kf3 61. Kd3 Kxg3 62. e4 Kxf4 63. Kd4 g3 64. e5 g2 65. e6 g1=Q+ 66. Kd5 Qb6 67. e7 Qb5+ 68. Ke6 Qe8 0-1


[Site "https://www.chess.com"]

[Event "Titled Tuesday Blitz April 25 Early 2023"]
[White "Koridze, Lile"]
[Black "Shevtchenko, Olesya"]
[WhiteFideId "13612514"]
[BlackFideId "24131890"]
[WhiteElo "2047"]
[BlackElo "2003"]
[Result "0-1"]
[Round "09"]
[TimeControl "180+2"]
[Date "2023.04.25"]
[WhiteClock "0:02:25"]
[BlackClock "0:01:32"]

1. d4 Nf6 2. c4 e6 3. Nf3 b6 4. g3 Ba6 5. b3 Bb4+ 6. Bd2 Bxd2+ 7. Nbxd2 d5 8. Bg2 O-O 9. O-O Nbd7 10. Rc1 c6 11. Qc2 Qe7 12. e4 dxe4 13. Nxe4 Rac8 14. Rfe1 Rfd8 15. Ne5 Nxe5 16. dxe5 Nxe4 17. Bxe4 h6 18. Rcd1 c5 19. Rxd8+ Rxd8 20. Rd1 Rd4 21. Rxd4 cxd4 22. Bf3 Bb7 23. Bxb7 Qxb7 24. Qd3 Qd7 25. Kf1 g6 26. Ke2 Kg7 27. Qe4 b5 28. cxb5 Qxb5+ 29. Qd3 Qxe5+ 30. Kd2 Qa5+ 31. Kd1 e5 32. a4 Qd5 33. Kd2 e4 34. Qc4 Qxc4 35. bxc4 Kf8 36. f3 f5 37. Ke1 Ke7 0-1


[Site "https://www.chess.com"]

[Event "Titled Tuesday Blitz April 25 Early 2023"]
[White "kuanysh1981"]
[Black "Fiorito, Francisco"]
[BlackFideId "180165"]
[WhiteElo "2432"]
[BlackElo "2341"]
[Result "0-1"]
[Round "09"]
[TimeControl "180+2"]
[Date "2023.04.25"]
[WhiteClock "0:00:01"]
[BlackClock "0:01:50"]

1. d4 Nf6 2. Nf3 b6 3. g3 Bb7 4. Bg2 g6 5. O-O Bg7 6. c4 O-O 7. Nc3 Ne4 8. Qd3 Nxc3 9. bxc3 d6 10. e4 Nd7 11. a4 a5 12. Ba3 Re8 13. Rfd1 e5 14. h4 exd4 15. Nxd4 Nc5 16. Bxc5 bxc5 17. Nb5 Qe7 18. Re1 Rad8 19. Rad1 Bc6 20. f4 Qd7 21. Kh2 h5 22. Bh3 Qe7 23. Bg2 Ba8 24. Re2 Rd7 25. e5 Bxg2 26. Kxg2 Rdd8 27. Qf3 dxe5 28. Rxd8 Rxd8 29. f5 c6 30. Na3 Qf6 31. fxg6 Qxg6 32. Qxc6 Rd3 0-1


[Site "https://www.chess.com"]

[Event "Titled Tuesday Blitz April 25 Early 2023"]
[White "Ronka, Erik"]
[Black "Mazurkiewicz, Michal"]
[WhiteFideId "505080"]
[BlackFideId "1124943"]
[WhiteElo "2264"]
[BlackElo "2054"]
[Result "0-1"]
[Round "09"]
[TimeControl "180+2"]
[Date "2023.04.25"]
[WhiteClock "0:00:01"]
[BlackClock "0:00:12"]

1. d3 Nf6 2. e3 g6 3. Nf3 Bg7 4. Be2 O-O 5. O-O d6 6. Nc3 e5 7. Rb1 Re8 8. b4 Nbd7 9. Bb2 b6 10. Qd2 Bb7 11. Ne1 d5 12. Nd1 c5 13. a3 Rc8 14. bxc5 Nxc5 15. Ba1 Qe7 16. Nf3 e4 17. Nd4 exd3 18. cxd3 h5 19. Bf3 Ng4 20. h3 Ne5 21. Be2 Ba6 22. Nb2 Qh4 23. Nf3 Nxf3+ 24. Bxf3 Qg5 25. Rfe1 d4 26. Nc4 Bxc4 27. dxc4 dxe3 28. fxe3 Bxa1 29. Rxa1 Nb3 30. Qc3 Nxa1 31. Qxa1 Rxe3 32. Rf1 Rxc4 33. Qd1 Qc5 34. Kh1 Qd4 35. Qb1 Rc7 36. Qb5 Rce7 37. Bd5 Re1 38. Bxf7+ Kg7 39. Bc4 Rxf1+ 40. Bxf1 Qe5 41. Qd3 Qf6 42. Kh2 Qf4+ 43. Kh1 Qf6 44. Kh2 Re1 45. Be2 Qf4+ 46. Qg3 Rh1+ 47. Kxh1 Qxg3 0-1


[Site "https://www.chess.com"]

[Event "Titled Tuesday Blitz April 25 Early 2023"]
[White "Pauly, Carlo"]
[Black "Koutsin, Sergey"]
[WhiteFideId "24673269"]
[BlackFideId "14101483"]
[WhiteElo "2254"]
[BlackElo "2381"]
[Result "1-0"]
[Round "09"]
[TimeControl "180+2"]
[Date "2023.04.25"]
[WhiteClock "0:00:27"]
[BlackClock "0:00:14"]

1. d4 e6 2. c4 Nf6 3. Nc3 Bb4 4. Qc2 c5 5. dxc5 O-O 6. Nf3 Bxc5 7. Bf4 a6 8. e3 Be7 9. Be2 d6 10. O-O Qc7 11. Rfd1 Nbd7 12. Rd2 h6 13. Rad1 e5 14. Bg3 b6 15. Nh4 Nc5 16. Nf5 Bxf5 17. Qxf5 g6 18. Qh3 Kg7 19. Bh4 g5 20. Bg3 Nce4 21. Nd5 Nxd5 22. Rxd5 f5 23. Bd3 Nxg3 24. hxg3 e4 25. Bb1 Qc8 26. g4 fxg4 27. Qg3 Qe6 28. R1d4 Rf6 29. Rxe4 Qf7 30. Rxg4 Rf8 31. Rdxg5+ hxg5 32. Rxg5+ 1-0


[Site "https://www.chess.com"]

[Event "Titled Tuesday Blitz April 25 Early 2023"]
[White "Lehtosaari, Mauri"]
[Black "Pourkashiyan, Atousa"]
[WhiteFideId "501999"]
[BlackFideId "12502014"]
[WhiteElo "2528"]
[BlackElo "2228"]
[Result "1-0"]
[Round "09"]
[TimeControl "180+2"]
[Date "2023.04.25"]
[WhiteClock "0:00:24"]
[BlackClock "0:00:22"]

1. d4 Nf6 2. Nf3 e6 3. Bg5 h6 4. Bh4 d5 5. Nbd2 Be7 6. e3 c5 7. c3 Nc6 8. Bd3 O-O 9. O-O b6 10. Ne5 Nxe5 11. dxe5 Nd7 12. Bxe7 Qxe7 13. f4 f6 14. exf6 Rxf6 15. Nf3 e5 16. Bb5 d4 17. Bxd7 Bxd7 18. Nxe5 Rd8 19. cxd4 cxd4 20. exd4 Kh8 21. Qb3 Be6 22. Qe3 Qd6 23. Rfd1 Bd5 24. b3 Ba8 25. Rd2 Qd5 26. Rf1 Rdf8 27. h4 Kg8 28. h5 Rf5 29. Ng6 Rxh5 30. Ne7+ 1-0


[Site "https://www.chess.com"]

[Event "Titled Tuesday Blitz April 25 Early 2023"]
[White "Herman, Daniel"]
[Black "Bas Mas, Jose Joaquin"]
[WhiteFideId "30935008"]
[BlackFideId "22219064"]
[WhiteElo "1897"]
[BlackElo "2233"]
[Result "1-0"]
[Round "09"]
[TimeControl "180+2"]
[Date "2023.04.25"]
[WhiteClock "0:00:04"]
[BlackClock "0:00:01"]

1. c4 e6 2. d4 d5 3. Nc3 Nf6 4. cxd5 exd5 5. Bg5 Nbd7 6. e3 h6 7. Bh4 Be7 8. Bd3 O-O 9. Nge2 b6 10. O-O Bb7 11. Rc1 c5 12. dxc5 bxc5 13. Bb1 Re8 14. Qd3 Nf8 15. Rfd1 Rc8 16. b3 g5 17. Bg3 Qb6 18. Be5 Red8 19. Ng3 Qe6 20. Bxf6 Bxf6 21. Nf5 Be5 22. Ne2 Ba6 23. Qc2 Bxe2 24. Qxe2 d4 25. Qh5 Bg7 26. h4 gxh4 27. Nxh4 dxe3 28. Bf5 exf2+ 29. Kf1 Rxd1+ 30. Rxd1 Qa6+ 31. Kxf2 Re8 32. Kg1 Qxa2 33. Qf3 Qb2 34. Bd3 1-0


[Site "https://www.chess.com"]

[Event "Titled Tuesday Blitz April 25 Early 2023"]
[White "Topalov, Aleksandar"]
[Black "Rodchenkov, Sergey D."]
[WhiteFideId "925659"]
[BlackFideId "4168712"]
[WhiteElo "2151"]
[BlackElo "2277"]
[Result "0-1"]
[Round "09"]
[TimeControl "180+2"]
[Date "2023.04.25"]
[WhiteClock "0:00:11"]
[BlackClock "0:00:08"]

1. b3 d5 2. Bb2 Nf6 3. Nf3 Bg4 4. e3 Nbd7 5. Be2 Bxf3 6. Bxf3 e5 7. d3 Bb4+ 8. Nd2 O-O 9. a3 Bd6 10. O-O c6 11. c4 Qe7 12. cxd5 cxd5 13. Be2 a5 14. Nf3 Rfd8 15. Qd2 Nf8 16. Rfc1 Ng6 17. Rc2 Re8 18. Bc3 e4 19. Nd4 Qe5 20. g3 Qg5 21. Nb5 Be5 22. d4 Bb8 23. Bxa5 Rxa5 24. Qxa5 h5 25. Qe1 h4 26. Rac1 Qf5 27. Qf1 Ng4 28. Bxg4 Qxg4 29. Qd1 Qh3 30. Qh5 Rf8 31. Nc7 Qd7 32. Nxd5 h3 33. Nf4 Bxf4 34. gxf4 Ne7 35. Rc7 Qe6 36. R1c5 g6 37. Qg5 Nf5 38. Rxf5 Qxf5 39. Qxf5 gxf5 40. Rxb7 Kg7 41. Kf1 Rc8 42. b4 Rc1+ 43. Ke2 Rc2+ 44. Ke1 Ra2 45. Ra7 Ra1+ 46. Kd2 Ra2+ 47. Kc3 Rxf2 48. b5 Rxh2 49. b6 Rh1 50. Kc2 Rh2+ 51. Kc3 Rh1 52. Ra4 h2 53. b7 Rc1+ 54. Kb2 h1=Q 55. b8=Q Rb1+ 56. Kc3 Rxb8 0-1


[Site "https://www.chess.com"]

[Event "Titled Tuesday Blitz April 25 Early 2023"]
[White "Postnikov, Daniil"]
[Black "Liu, Casper"]
[WhiteFideId "4166329"]
[BlackFideId "1454153"]
[WhiteElo "2261"]
[BlackElo "2221"]
[Result "1-0"]
[Round "09"]
[TimeControl "180+2"]
[Date "2023.04.25"]
[WhiteClock "0:00:26"]
[BlackClock "0:00:04"]

1. e4 c5 2. a3 g6 3. h4 h5 4. Bc4 Bg7 5. Nf3 Nc6 6. Nc3 Nf6 7. d3 O-O 8. Bg5 d6 9. Qd2 Bg4 10. Nh2 Bd7 11. O-O-O a6 12. Nd5 b5 13. Bxf6 exf6 14. Ba2 b4 15. g4 bxa3 16. gxh5 Be6 17. Rdg1 Nb4 18. Nxb4 cxb4 19. Bxe6 axb2+ 20. Kxb2 f5+ 21. d4 fxe6 22. Rxg6 Kh7 23. Rhg1 Ra7 24. Nf3 Qa5 25. Ng5+ Kh8 26. Nxe6 Qa3+ 27. Kb1 b3 28. c3 b2 29. Qxb2 Qxb2+ 30. Kxb2 Rb8+ 31. Kc2 Bf8 32. Rg8+ Kh7 33. Nxf8+ Kh6 34. R1g6+ Kxh5 35. Rh8+ Rh7 36. Rxh7# 1-0


[Site "https://www.chess.com"]

[Event "Titled Tuesday Blitz April 25 Early 2023"]
[White "Mouhamad, Joachim"]
[Black "Camacho Collados, Jose"]
[WhiteFideId "656410"]
[BlackFideId "2265427"]
[WhiteElo "2125"]
[BlackElo "2198"]
[Result "1-0"]
[Round "09"]
[TimeControl "180+2"]
[Date "2023.04.25"]
[WhiteClock "0:00:23"]
[BlackClock "0:00:25"]

1. e4 b6 2. d4 Bb7 3. Bd3 e6 4. Nf3 d5 5. Nc3 Bb4 6. exd5 Qxd5 7. Bd2 Qh5 8. O-O Bxf3 9. Qxf3 Qxf3 10. gxf3 Nf6 11. Kg2 Ke7 12. f4 Nc6 13. a3 Bd6 14. Be3 g6 15. Kf3 Nd5 16. Nb5 Rad8 17. c4 Nxe3 18. fxe3 a6 19. Nc3 Na5 20. b4 Nb7 21. Be4 Rb8 22. Bxb7 Rxb7 23. c5 bxc5 24. bxc5 Bxc5 25. dxc5 Rb3 26. Ne2 Rd8 27. Rfb1 Rdd3 28. Rxb3 Rxb3 29. Nd4 Rc3 30. c6 f6 31. Ke2 e5 32. fxe5 fxe5 33. Nf3 Kf6 34. Nd2 Rxc6 35. a4 h5 36. Ra3 g5 37. Rc3 Rxc3 38. Ne4+ Kf5 39. Nxc3 g4 40. a5 h4 41. Nd5 c5 42. Nc7 g3 43. hxg3 h3 44. Kf2 c4 45. Nxa6 c3 46. Nb4 h2 47. Kg2 Ke4 48. a6 Kxe3 49. a7 c2 50. Nxc2+ Kd2 51. Kxh2 Kxc2 52. a8=Q Kd3 53. Qf3+ Kd4 54. Kg2 e4 55. Qe2 Ke5 56. Kh3 Kf5 57. Kh4 Ke5 58. Qe3 Kf5 59. g4+ Ke5 60. g5 Kd5 61. Kh5 Ke5 62. g6 Kf6 63. Kh6 Kf5 64. Qf2+ Ke6 65. g7 Ke7 66. Qe3 Kf6 67. Qf4+ Ke7 68. Qxe4+ Kf7 69. Qf4+ Kg8 70. Qf8# 1-0


[Site "https://www.chess.com"]

[Event "Titled Tuesday Blitz April 25 Early 2023"]
[White "Sadovsky, Artem"]
[Black "BenchGM"]
[WhiteFideId "4155840"]
[WhiteElo "2314"]
[BlackElo "2401"]
[Result "0-1"]
[Round "09"]
[TimeControl "180+2"]
[Date "2023.04.25"]
[WhiteClock "0:00:05"]
[BlackClock "0:00:31"]

1. Nf3 d5 2. e3 Nf6 3. c4 e6 4. b3 Be7 5. Bb2 O-O 6. Be2 b6 7. O-O Bb7 8. d3 Nbd7 9. Nbd2 c5 10. Qc2 Qc7 11. e4 Rfd8 12. cxd5 exd5 13. e5 Ne8 14. d4 Rac8 15. Rac1 Nf8 16. Qf5 Qd7 17. Qh5 g6 18. Qh6 Ne6 19. h4 N8g7 20. g4 Nxd4 21. Nxd4 cxd4 22. f4 Bf8 23. f5 Nxf5 24. Qf4 Ne3 25. Qxd4 Nxf1 26. e6 Bc5 27. Rxc5 fxe6 28. Qh8+ Kf7 29. Qxh7+ Ke8 30. Qg8+ Ke7 31. Qg7+ Kd6 32. Qe5+ Kxc5 33. Ne4+ Kb4 34. Qc3+ Rxc3 35. a3+ Kxb3 0-1


[Site "https://www.chess.com"]

[Event "Titled Tuesday Blitz April 25 Early 2023"]
[White "Devaev, Alexander"]
[Black "Hoffmann, Asa"]
[WhiteFideId "4169395"]
[BlackFideId "2001470"]
[WhiteElo "2204"]
[BlackElo "2117"]
[Result "0-1"]
[Round "09"]
[TimeControl "180+2"]
[Date "2023.04.25"]
[WhiteClock "0:00:01"]
[BlackClock "0:00:19"]

1. Nf3 d6 2. d4 Bg4 3. Ng1 Nf6 4. h3 Bh5 5. c4 c6 6. Nc3 Nbd7 7. Bg5 e5 8. d5 Be7 9. Qb3 Qb6 10. Qxb6 axb6 11. Bd2 Nc5 12. f3 Nfd7 13. e4 Bh4+ 14. Kd1 Nb3 15. Rb1 Nxd2 16. Kxd2 O-O 17. Nge2 f5 18. exf5 Bg5+ 19. Ke1 Nc5 20. Nc1 Be3 21. g4 Bf7 22. Nb3 g6 23. Nxc5 Bxc5 24. Bd3 Bb4 25. Be4 cxd5 26. cxd5 Rxa2 27. Kf1 Ra5 28. Rd1 Rc8 29. Rh2 Bxc3 30. Rc2 Rac5 31. Rdc1 gxf5 32. Bxf5 R8c7 33. Rxc3 Bxd5 34. Rxc5 Rxc5 35. Rxc5 bxc5 36. Kf2 Kg7 37. h4 b5 38. g5 b4 39. h5 c4 40. Ke3 Bf7 41. Bg4 d5 42. Kd2 d4 43. Kc2 c3 44. bxc3 bxc3 45. Kd3 Ba2 0-1


[Site "https://www.chess.com"]

[Event "Titled Tuesday Blitz April 25 Early 2023"]
[White "Lopez Del Alamo, Antonio"]
[Black "Escanor89"]
[WhiteFideId "2227339"]
[WhiteElo "2175"]
[BlackElo "2506"]
[Result "0-1"]
[Round "09"]
[TimeControl "180+2"]
[Date "2023.04.25"]
[WhiteClock "0:01:19"]
[BlackClock "0:00:17"]

1. e4 c5 2. Nf3 e6 3. d3 Nc6 4. g3 g6 5. d4 cxd4 6. Nxd4 d6 7. Bg2 a6 8. Nc3 Bg7 9. Be3 Nge7 10. O-O O-O 11. Qd2 Qc7 12. Rfd1 Ne5 13. Qe2 Bd7 14. f4 Nc4 15. Bc1 Rac8 16. Kh1 Rfe8 17. b3 Na5 18. Bb2 b5 19. Rd2 Nac6 20. Nxc6 Bxc6 21. Rad1 b4 22. Nb1 Bxb2 23. Rxd6 Red8 24. e5 Bxg2+ 25. Qxg2 Nf5 26. Rxd8+ Rxd8 27. Rxd8+ Qxd8 28. Nd2 Bc3 29. Nc4 Qd1+ 30. Qg1 Qxc2 31. Qc5 Qe4+ 32. Kg1 Bd4+ 33. Kf1 Bxc5 0-1


[Site "https://www.chess.com"]

[Event "Titled Tuesday Blitz April 25 Early 2023"]
[White "Derichs, Roger"]
[Black "Begunov, Konstantin"]
[WhiteFideId "4630076"]
[BlackFideId "4118510"]
[WhiteElo "2359"]
[BlackElo "2087"]
[Result "0-1"]
[Round "09"]
[TimeControl "180+2"]
[Date "2023.04.25"]
[WhiteClock "0:00:03"]
[BlackClock "0:00:10"]

1. d4 d5 2. c4 c6 3. cxd5 cxd5 4. Bf4 Nf6 5. e3 Nc6 6. Nc3 a6 7. Bd3 Bg4 8. Nge2 e6 9. Rc1 Bd6 10. Bg5 O-O 11. O-O Rc8 12. Na4 Bh5 13. f3 Bg6 14. Nc5 Bxc5 15. Rxc5 Qb6 16. Bxf6 gxf6 17. b3 Nb4 18. Bxg6 hxg6 19. a3 Nc6 20. b4 Ne7 21. Qc2 Kg7 22. Rc1 Rc6 23. Nf4 Rfc8 24. h4 Nf5 25. Qf2 Rxc5 26. dxc5 Qc7 27. g4 Ne7 28. g5 fxg5 29. hxg5 Qe5 30. Nh3 Rh8 31. f4 Qe4 32. Kh2 Nf5 33. Re1 Qd3 34. Qb2+ Kg8 35. Qe2 Qxa3 36. Rh1 Qxb4 37. Kg2 Qe4+ 38. Kg1 Qxh1+ 0-1


[Site "https://www.chess.com"]

[Event "Titled Tuesday Blitz April 25 Early 2023"]
[White "sebastianmarinp"]
[Black "Garv Gaur"]
[BlackFideId "45030839"]
[WhiteElo "2328"]
[BlackElo "2068"]
[Result "0-1"]
[Round "09"]
[TimeControl "180+2"]
[Date "2023.04.25"]
[WhiteClock "0:00:04"]
[BlackClock "0:01:28"]

1. e4 g6 2. d4 Bg7 3. Nc3 c6 4. Nf3 d5 5. e5 Bg4 6. Be2 e6 7. O-O Nd7 8. Ne1 Bxe2 9. Qxe2 Ne7 10. Nd3 Qc7 11. a4 Nf5 12. Be3 a6 13. a5 c5 14. Nf4 cxd4 15. Ncxd5 exd5 16. e6 dxe3 17. Nxd5 Qe5 18. exd7+ Kxd7 19. Nb6+ Ke7 20. Rfe1 Rad8 21. Qf3 Rhe8 22. Qxb7+ Kf8 23. Nd7+ Rxd7 24. Qxd7 exf2+ 25. Kxf2 Qc5+ 26. Kf1 Ne3+ 27. Rxe3 Qxe3 28. Qd6+ Kg8 29. Qxa6 Bxb2 30. Rd1 Bd4 0-1


[Site "https://www.chess.com"]